 Dungeon Crawl Stone Soup version 0.29.1-12-g30fa7ad0bf (webtiles) character file.

Game seed: 874142331236643167

7 Merkmiralles the Grasshopper (level 2, -2/23 HPs)
             Began as a Barachi Warper on Dec 23, 2022.
             Succumbed to their own poison gas
             ... on level 1 of the Dungeon.
             The game lasted 00:03:15 (326 turns).

Merkmiralles the Grasshopper (Barachi Warper)        Turns: 326, Time: 00:03:15

Health: -2/23      AC:  3    Str: 12    XL:     2   Next: 0%
Magic:  5/5        EV: 11    Int: 13    God:
Gold:   19         SH:  0    Dex: 11    Spells: 5/5 levels left

rFire   . . .      SeeInvis .   a - +0 hand axe
rCold   . . .      Faith    .   (no shield)
rNeg    . . .      Spirit   .   b - +0 leather armour
rPois   .          Reflect  .   (no helmet)
rElec   .          Harm     .   (no cloak)
rCorr   .          Rampage  .   (no gloves)
Will    .....                   (no boots)
Stlth   +.........              (no amulet)
HPRegen 0.07/turn               (no ring)
MPRegen 0.09/turn               (no ring)

@: lethally poisoned (-2 -> -37), slow
A: amphibious, slowness 1, strong legs 1, +LOS
a: Hop


You were on level 1 of the Dungeon.
You visited 1 branch of the dungeon, and saw 1 of its levels.

You collected 19 gold pieces.

Inventory:

Hand Weapons
 a - a +0 hand axe (weapon)
 e - a +0 club
 g - a +0 short sword
 h - a +1 dagger of electrocution
 j - a +0 club
Missiles
 d - 7 boomerangs of dispersal (quivered)
 k - a stone
Armour
 b - a +0 leather armour (worn)
Scrolls
 c - a scroll of blinking
 f - a scroll of poison
Potions
 i - a potion of haste {unknown}


   Skills:
 + Level 2.7 Fighting
 + Level 2.3 Axes
 + Level 1.0 Throwing
 + Level 1.2 Armour
 + Level 2.2 Dodging
 + Level 2.3 Spellcasting
 + Level 3.4 Translocations


You had 5 spell levels left.
You didn't know any spells.
Your spell library contained the following spells:

 Spells                   Type           Power      Damage    Failure   Level
 Blink                    Tloc           20%        N/A       12%         2
 Gell's Gravitas          Tloc           10%        N/A       24%         3
 Lesser Beckoning         Tloc           10%        N/A       24%         3
 Teleport Other           Tloc           10%        N/A       24%         3
 Manifold Assault         Tloc           10%        N/A       91%         5


Dungeon Overview and Level Annotations

Branches:
Dungeon (1/15)

Altars:


Innate Abilities, Weirdness & Mutations

You are amphibious.
You cover ground slowly.
You can hop short distances.
You have an extended range of vision and can be seen from far away.


Message History

The bat completely misses you.
You barely miss the bat. The bat barely misses you.
You miss the bat. The bat barely misses you.
You barely miss the bat. The bat hits you.
You hit the bat but do no damage. The bat hits you but does no damage. x2
You hit the bat.
You kill the bat!
A ball python comes into view.
The ball python hisses angrily.
The ball python bites you. The ball python barely misses you.
You see here a bat corpse.
You barely miss the ball python. The ball python barely misses you.
The ball python grabs you. The ball python constricts you.
You hit the ball python.
You kill the ball python!
You have reached level 2!
You see here a ball python corpse.
The air fills with toxic fumes!
As you read the scroll labelled REAGOEGRYDOE, it crumbles to dust.
It was a scroll of poison.
Really walk into that cloud of poison gas? [Y]es or [N]o only, please.
Really walk into that cloud of poison gas? [Y]es or [N]o only, please.
Really walk into that cloud of poison gas?
Uppercase [Y]es or [N]o only, please.
Really walk into that cloud of poison gas?
Uppercase [Y]es or [N]o only, please.
Really walk into that cloud of poison gas? [Y]es or [N]o only, please.
Really walk into that cloud of poison gas?
Uppercase [Y]es or [N]o only, please.
Really walk into that cloud of poison gas?
You are engulfed in poison gas.
You are poisoned.
You feel very sick.
You see here a bat corpse.
You are engulfed in poison gas.
You are lethally poisoned!
* * * LOW HITPOINT WARNING * * *
You die...

....## #♣$ #.### #... P
..# ..# ... .## ♣.♣ #...P
.# .# #.§###..... .# .#
♣§♣§§..# ## #.# #§§†#
###.. ♣.♣§# ##..
###.§@###..##
##.#########.†§§§§.......
.#......(....####§##....#
(...########## §# ..#
....## §§ . .....## #§#
.....># §# ......# .#
......# ..


There were no monsters in sight!

Vanquished Creatures
  A ball python (D:1)
  A giant cockroach (D:1)
  A hobgoblin (D:1)
  A bat (D:1)
  2 kobolds (D:1)
6 creatures vanquished.

Notes
Turn   | Place    | Note
-------+----------+-------------------------------------------
     0 | D:1      | Merkmiralles the Barachi Warper began the quest for the
                  | Orb.
     0 | D:1      | Reached XP level 1. HP: 17/17 MP: 3/3
   323 | D:1      | Reached XP level 2. HP: 19/23 MP: 5/5
   326 | D:1      | Succumbed to their own poison gas

Illustrated notes

Levels and vault maps discovered:
D:1:      lemuel_arrival_tunnels, layout_rooms,
          dreamdust_ecumenical_altar_grove, serial_forest,
          infiniplex_forest_lined_3, infiniplex_forest_lined_1,
          infiniplex_forest_lined_2, infiniplex_forest_clump_double,
          infiniplex_forest_end_1, infiniplex_forest_split,
          infiniplex_forest_lined_room_2, infiniplex_forest_clump_large

Action                   || total
-------------------------++-------
Melee: Hand axe          ||    23
  Use: Scroll            ||     1
Armor: Leather armour    ||    11
Dodge: Dodged            ||    21
